 Dungeon Crawl Stone Soup version 0.29.1-15-g9cfb28693d (webtiles) character file.

Game seed: 16207624448423784688

43 croobank the Caller (level 3, -2/15 HPs)
             Began as a Felid Summoner on Mar 4, 2023.
             Slain by a gnoll
             ... wielding a +1 flail of holy wrath
              (12 damage)
             ... on level 3 of the Dungeon.
             The game lasted 00:04:53 (2473 turns).

croobank the Caller (Felid Summoner)                Turns: 2473, Time: 00:04:54

Health: -2/15      AC:  1    Str:  4    XL:     3   Next: 37%
Magic:  1/7        EV:  9    Int: 18    God:
Gold:   111        SH:  0    Dex: 16    Spells: 0/6 levels left
                                        Lives:  0   Deaths: 0

rFire   . . .      SeeInvis +   (weapon unavailable)
rCold   . . .      Faith    .   (shield unavailable)
rNeg    . . .      Spirit   .   (body armour unavailable)
rPois   .          Reflect  .   (helmet unavailable)
rElec   .          Harm     .   (cloak unavailable)
rCorr   .          Rampage  .   (gloves unavailable)
Will    .....                   (boots unavailable)
Stlth   +++.......              (no amulet)
HPRegen 0.05/turn               (no ring)
MPRegen 0.10/turn               (no ring)

@: very slightly contaminated, held, quick
A: very small, claws 1, fangs 3, see invisible, speed 1, shaggy fur 1, stealthy
paws, no weapons or thrown items, no armour, multi-lived
a: no special abilities


You were on level 3 of the Dungeon.
You visited 1 branch of the dungeon, and saw 3 of its levels.

You collected 111 gold pieces.

Inventory:

Scrolls
 c - a scroll of immolation
 e - a scroll of enchant armour {unknown}
 f - a scroll of summoning {unknown}
 h - 2 scrolls of butterflies {unknown}
 j - a scroll of fear {unknown}
 k - 3 scrolls of vulnerability {unknown}
Potions
 a - a potion of magic
 b - 2 potions of curing {unknown}
 d - 2 potions of might {unknown}
 g - 4 potions of heal wounds {unknown}
 i - a potion of ambrosia {unknown}


   Skills:
 * Level 0.4 Fighting
 + Level 3.4 Dodging
 + Level 3.5 Stealth
 + Level 2.4 Spellcasting
 + Level 4.2 Summonings


You couldn't memorise any spells.
You knew the following spells:

 Your Spells              Type           Power      Damage    Failure   Level
a - Summon Small Mammal   Summ           68%        N/A       3%          1
b - Call Imp              Summ           17%        N/A       4%          2
c - Call Canine Familiar  Summ           17%        N/A       9%          3

Your spell library contained the following spells:

 Spells                   Type           Power      Damage    Failure   Level
 Summon Guardian Golem    Hex/Summ       9%         N/A       22%         3
 Summon Lightning Spire   Summ/Air       9%         N/A       58%         4


Dungeon Overview and Level Annotations

Branches:
Dungeon (3/15)

Altars:


Innate Abilities, Weirdness & Mutations

You have sharp claws.
You have razor-sharp teeth.
You have supernaturally acute eyesight. (SInv)
You cover ground quickly. (Speed+)
You are covered in fur. (AC +1)
Your paws help you pounce on unaware monsters.
You are incapable of wielding weapons or throwing items.
You cannot wear armour.
You gain extra lives every three experience levels.


Message History

Aim: a gnoll, wielding a +0 halberd (asleep, ally target) Attack!
g - 4 fuming clear potions (gained 2)
A gnoll comes into view.
It is wielding a +1 flail of holy wrath.
Found a scroll labelled VIAX IL KASOG.
The gnoll shouts!
You hear an angry hiss.
A gnoll comes into view. It is wielding a +0 club.
Your hound bites the gnoll.
The gnoll throws a throwing net.
The throwing net hits you.
You become entangled in the net!
Your hound barely misses the gnoll.
You see here a throwing net.
You struggle against the net.
Your hound bites the gnoll.
The gnoll barely misses you.
You tear a large gash into the net.
Your hound barely misses the gnoll.
The gnoll hits you from afar with a +0 halberd.
Your hound barely misses the gnoll.
You rip the net and break free!
Your hound bites the gnoll.
A frilled lizard comes into view.
The gnoll barely misses you.
Your hound closely misses the gnoll.
The gnoll throws a throwing net.
The throwing net hits you.
You become entangled in the net!
You see here a throwing net.
Casting: Summon Small Mammal (safe; 3% risk of failure)
Confirm with . or Enter, or press ? or * to list all spells.
You miscast Call Canine Familiar.
You are very lightly contaminated with residual magic.
Nothing appears to happen.
Your hound barely misses the gnoll.
The gnoll barely misses you.
Casting: Call Canine Familiar (extremely dangerous; 9% risk of failure)
Confirm with . or Enter, or press ? or * to list all spells.
Your hound disappears in a puff of smoke!
The gnoll barely misses you.
Casting: Call Canine Familiar (extremely dangerous; 9% risk of failure)
Confirm with . or Enter, or press ? or * to list all spells.
You don't have enough magic to cast this spell.
You struggle against the net.
Your hound barely misses the gnoll.
The gnoll barely misses you. The gnoll closely misses you.
The gnoll hits you with a +1 flail of holy wrath!
Ouch! That really hurt!
You die...

...#####.###
...'.......####
...######.....#
...#### #.....##
##l ......#
##.....#######...
......#
#...............
......#
#.......h>..l.?.
+#+####
#......gg.......
#.###..@.g§.....
...# #...........
#####
#...........
#...........
...............
..#############
#. #


You could see 3 gnolls, a frilled lizard and a friendly hound (summoned).

Vanquished Creatures
  An orc (D:3)
  3 endoplasms
  3 goblins (D:1)
  A quokka (D:2)
  A ball python (D:2)
  A frilled lizard (D:2)
10 creatures vanquished.

Vanquished Creatures (collateral kills)
  4 orcs (D:3)
  3 ball pythons
  2 endoplasms (D:1)
  A giant cockroach (D:1)
  4 goblins
  3 kobolds
  A quokka (D:1)
  2 bats (D:1)
  2 frilled lizards
  2 rats
24 creatures vanquished.

Grand Total: 34 creatures vanquished

Notes
Turn   | Place    | Note
-------+----------+-------------------------------------------
     0 | D:1      | croobank the Felid Summoner began the quest for the Orb.
     0 | D:1      | Reached XP level 1. HP: 7/7 MP: 4/4
   251 | D:1      | Found a faded altar of an unknown god.
   300 | D:1      | Reached XP level 2. HP: 10/11 MP: 3/6
   330 | D:1      | Learned a level 2 spell: Call Imp
  1524 | D:2      | Reached XP level 3. HP: 14/14 MP: 2/7
  1528 | D:2      | Learned a level 3 spell: Call Canine Familiar
  2473 | D:3      | Slain by a gnoll

Illustrated notes

Levels and vault maps discovered:
D:1:      lightli_arrival_maybe_door_vault, layout_basic,
          hellmonk_ecumenical_altar_blasted
D:2:      layout_basic, kennysheep_nub, wander_ebering_terrifying_dragon_lair
D:3:      layout_basic, nicolae_ru_the_path_less_chosen

Skill      XL: |  1 |
---------------+----+-----
Stealth        | 3 |  3.5
Dodging        | 3 |  3.4
Fighting       | |  0.4
Spellcasting   | |  2.4
Summonings     | |  4.2

Action                   || total
-------------------------++-------
Melee: Unarmed           ||    28
       Bite              ||     5
 Cast: Summon Small Mamm ||    39
       Call Imp          ||    13
       Call Canine Famil ||     3
 Stab: Distracted        ||     1
       Sleeping          ||     5
Armor: Skin              ||     2
Dodge: Dodged            ||    36
